 Dungeon Crawl Stone Soup version 0.28.0-45-g0d030f2227 (webtiles) character file.

Game seed: 4085595902631770917

107 Descartes the Changer (level 4, -5/21 HPs)
             Began as a Spriggan Wanderer on Apr 1, 2022.
             Killed from afar by Natasha (9 damage)
             ... with a magic dart
             ... on level 2 of the Dungeon.
             The game lasted 00:07:31 (2061 turns).

Descartes the Changer (Spriggan Wanderer)           Turns: 2061, Time: 00:07:32

Health: -5/21      AC:  2    Str:  7    XL:     4   Next: 57%
Magic:  7/9        EV: 17    Int: 17    God:
Gold:   44         SH:  0    Dex: 13    Spells: 7/9 levels left

rFire   . . .      SeeInvis +   j - +1 dagger (vamp)
rCold   . . .      Faith    .   (no shield)
rNeg    . . .      Spirit   .   c - +0 robe
rPois   .          Reflect  .   b - +0 hat
rElec   .          Harm     .   (no cloak)
rCorr   .          Rampage  .   (gloves unavailable)
Will    .....                   (boots unavailable)
Stlth   ++........              (no amulet)
HPRegen 0.07/turn               (no ring)
MPRegen 0.11/turn               (no ring)

@: slowed, quick
A: very small, no large weapons, unfitting armour, see invisible, speed 3
a: no special abilities


You were on level 2 of the Dungeon.
You visited 1 branch of the dungeon, and saw 2 of its levels.

You collected 44 gold pieces.

Inventory:

Hand Weapons
 g - a +0 hunting sling
 j - a +1 vampiric dagger (weapon)
Missiles
 d - 16 poisoned darts
 h - 27 stones
Armour
 b - a +0 hat (worn)
 c - a +0 robe (worn)
Scrolls
 a - a scroll of fog {unknown}
 e - a scroll of immolation {unknown}
Potions
 f - 4 potions of brilliance {unknown}
 i - a potion of magic {unknown}
 k - a potion of flight {unknown}


   Skills:
 + Level 1.5 Short Blades
 + Level 3.4 Dodging
 + Level 1.1 Stealth
 + Level 3.2 Spellcasting
 + Level 0.7 Conjurations
 + Level 1.2 Translocations
 + Level 4.4 Transmutations
 + Level 0.9 Fire Magic
 + Level 1.1 Earth Magic
 + Level 1.1 Poison Magic
 - Level 2.6 Evocations


You had 7 spell levels left.
You knew the following spells:

 Your Spells              Type           Power      Damage    Failure   Level
a - Sting                 Tmut/Pois      48%        1d5       5%          1
b - Apportation           Tloc           12%        N/A       11%         1

Your spell library contained the following spells:

 Spells                   Type           Power      Damage    Failure   Level
 Passwall                 Tmut/Erth      10%        N/A       9%          2
 Animate Skeleton         Necr           4%         N/A       17%         1
 Summon Small Mammal      Summ           8%         N/A       17%         1
 Poisonous Vapours        Pois/Air       8%         N/A       21%         2
 Ignite Poison            Fire/Tmut/Pois 10%        N/A       22%         3
 Corpse Rot               Necr/Air       4%         N/A       26%         2
 Alistair's Intoxication  Tmut/Pois      8%         N/A       83%         5


Dungeon Overview and Level Annotations

Branches:
Dungeon (2/15)

Altars:

Annotations:
D:2 Natasha


Innate Abilities, Weirdness & Mutations

You are very small and have problems with some larger weapons.
You are too small for most types of armour.
You have supernaturally acute eyesight. (SInv)
You cover ground extremely quickly. (Speed+++)


Message History

The dart slug launches a dart at you. The slug dart misses you.
You hit Natasha but do no damage.
Natasha is heavily wounded.
Natasha closely misses you.
You hit Natasha.
Natasha is heavily wounded.
Natasha casts a spell at you. The magic dart hits you!
Natasha howls an incantation.
Natasha's front paws start to glow.
Natasha claws you. The dart slug launches a dart at you.
The slug dart hits you.
You miss Natasha.
Natasha is severely wounded.
Natasha casts a spell at you. The magic dart hits you.
* * * LOW HITPOINT WARNING * * *
You barely miss Natasha.
Natasha is almost dead.
You kill Natasha!
Natasha growls in agony!
Your Stealth skill increases to level 1!
Casting: Sting (safe; 5% risk of failure)
Confirm with . or Enter, or press ? or * to list all spells.
Aiming: Sting (safe; 5% risk of failure)
Press: ? - help, Shift-Dir - straight line, f - dart slug
Aim: a dart slug (100% to hit)
The sting hits the dart slug.
The dart slug is poisoned.
The dart slug is lightly wounded.
The dart slug launches a dart at you. The slug dart misses you.
You hit the dart slug.
You feel better.
The dart slug is severely wounded.
You kill the dart slug!
Natasha, Servant of Life and Death comes into view.
Natasha stares at you and mumbles some strange words.
The magic dart hits you!
You die...

#...# #≈.≈.♣.≈..≈ ... #...#
#≈≈.♣#♣≈..≈ .... #...#
##≈≈≈#≈.... .. ...##...#
#####..... #...........#
### #..... #....##.....##
... ......
#....#.......##.# #####.#.
#...............# #...)...
#.........@...### #.......
#..............### #.....
#................######....
#....†........##....# #....
#............######.###..>.
#.............# #..##.#.#
#####.........######..#.#..
#...h..........##...#..
#.........####...#....#


You could see Natasha.

Vanquished Creatures
  Natasha (twice) (D:2)
  A worm (D:2)
  3 dart slugs
  2 bats (D:2)
  7 endoplasms
  A giant cockroach (D:2)
  4 goblins
  11 hobgoblins
  4 kobolds
  4 ball pythons
  4 frilled lizards
  3 rats
46 creatures vanquished.

Notes
Turn   | Place    | Note
-------+----------+-------------------------------------------
     0 | D:1      | Descartes the Spriggan Wanderer began the quest for the
                  | Orb.
     0 | D:1      | Descartes set off with the following items: a +0 short
                  | sword, a +0 hat, a +0 robe; and the following spell
                  | memorised: Sting; and the following spells available to
                  | memorise: Passwall, Ignite Poison
     0 | D:1      | Reached XP level 1. HP: 9/9 MP: 5/5
   219 | D:1      | Reached XP level 2. HP: 13/13 MP: 1/6
   673 | D:1      | Found a faded altar of an unknown god.
   719 | D:1      | Reached XP level 3. HP: 16/16 MP: 8/8
   800 | D:1      | Learned a level 1 spell: Apportation
  1810 | D:2      | Noticed Natasha
  1822 | D:2      | Killed Natasha
  1823 | D:2      | Reached skill level 1 in Translocations
  1823 | D:2      | Reached skill level 1 in Earth Magic
  1823 | D:2      | Reached skill level 1 in Poison Magic
  1823 | D:2      | Reached XP level 4. HP: 6/21 MP: 4/9
  2042 | D:2      | Noticed Natasha
  2054 | D:2      | Killed Natasha
  2055 | D:2      | Reached skill level 1 in Stealth
  2057 | D:2      | Noticed Natasha
  2061 | D:2      | Killed from afar by Natasha

Illustrated notes

Levels and vault maps discovered:
D:1:      pf_arrival_petrified_forest, layout_rooms,
          dreamdust_ecumenical_altar_angels_and_demons, minmay_statues_item,
          chequers_decorated_corner
D:2:      layout_rooms, chequers_serial_rivers_marsh, st_stairs_9,
          bh_walls_and_bars, uniq_natasha

Skill      XL: |  1  2  3  4 |
---------------+-------------+-----
Spellcasting   | 3 |  3.2
Dodging        | 3 |  3.4
Translocations | 1 |  1.2
Earth Magic    | 1 |  1.1
Poison Magic   | 1 |  1.1
Stealth        | 1 |  1.1
Short Blades   | |  1.5
Conjurations   | |  0.7
Transmutations | |  4.4
Fire Magic     | |  0.9
Evocations     | |  2.6

Action                   |  1- 3 |  4- 6 || total
-------------------------+-------+-------++-------
Melee: Short sword       |     6 |       ||     6
       Dagger            |    17 |     9 ||    26
 Fire: Hunting sling     |    21 |       ||    21
 Cast: Sting             |    72 |     4 ||    76
 Stab: Sleeping          |     2 |     1 ||     3
Armor: Robe              |     8 |       ||     8
Dodge: Dodged            |    39 |     8 ||    47
